 Dungeon Crawl Stone Soup version 0.22.1-6-g1668fe2c40 (webtiles) character file.

28 Rediskos the Magician (level 3, -3/25 HPs)
             Began as a Gnoll Wizard on Jan 17, 2019.
             Slain by Robin
             ... wielding a +6 spear of venom
              (8 damage)
             ... on level 2 of the Dungeon.
             The game lasted 00:02:45 (990 turns).

Rediskos the Magician (Gnoll Wizard)                 Turns: 990, Time: 00:02:45

Health: -3/25      AC:  2    Str:  9    XL:     3   Next: 12%
Magic:  2/11       EV: 14    Int: 21    God:
Gold:   35         SH:  0    Dex: 13    Spells: 11/16 levels left

rFire    . . .     SeeInvis .   f - +0 spear
rCold    . . .     Gourm    .   (no shield)
rNeg     . . .     Faith    .   a - +0 robe
rPois    .         Spirit   .   b - +0 hat
rElec    .         Reflect  .   (no cloak)
rCorr    .         Harm     .   (no gloves)
MR       .....                  (no boots)
Stlth    +++.......             (no amulet)
HPRegen  0.08/turn              (no ring)
MPRegen  0.12/turn              (no ring)

@: lethally poisoned (-3 -> -31)
A: distributed training, fangs 1, strong nose
a: no special abilities


You were on level 2 of the Dungeon.
You were not hungry.

You visited 1 branch of the dungeon, and saw 2 of its levels.

You collected 35 gold pieces.

Inventory:

Hand Weapons
 f - a +0 spear (weapon)
Armour
 a - a +0 robe (worn)
 b - a +0 hat (worn)
Jewellery
 i - an uncursed ring of protection from fire {unknown}
Scrolls
 e - a scroll of fear {unknown}
 h - a scroll of remove curse {unknown}
Potions
 g - a potion of mutation {unknown}
Comestibles
 c - 4 chunks of flesh
 d - 3 rations


   Skills:
 + Level 0.6 Fighting
 + Level 0.6 Short Blades
 + Level 0.6 Long Blades
 + Level 0.6 Axes
 + Level 0.6 Maces & Flails
 + Level 0.6 Polearms
 + Level 0.6 Staves
 + Level 0.6 Slings
 + Level 0.6 Bows
 + Level 0.6 Crossbows
 + Level 0.6 Throwing
 + Level 0.6 Armour
 + Level 4.5 Dodging
 + Level 4.1 Stealth
 + Level 0.6 Shields
 + Level 0.6 Unarmed Combat
 + Level 7.1 Spellcasting
 + Level 2.1 Conjurations
 + Level 0.4 Hexes
 + Level 0.4 Charms
 + Level 2.1 Summonings
 + Level 0.4 Necromancy
 + Level 2.1 Translocations
 + Level 0.4 Transmutations
 + Level 0.4 Fire Magic
 + Level 0.4 Ice Magic
 + Level 0.4 Air Magic
 + Level 0.4 Earth Magic
 + Level 0.4 Poison Magic
 + Level 0.8 Invocations
 + Level 0.6 Evocations


You had 11 spell levels left.
You knew the following spells:

 Your Spells              Type           Power        Failure   Level  Hunger
a - Magic Dart            Conj           ###.         3%          1    None
b - Blink                 Tloc           N/A          5%          2    None
s - Call Imp              Summ           ###.....     5%          2    None

Your spell library contained the following spells:

 Spells                   Type           Power        Failure   Level  Hunger
 Slow                     Hex            #.......     11%         2    None
 Conjure Flame            Conj/Fire      ##......     16%         3    None
 Mephitic Cloud           Conj/Pois/Air  ##......     17%         3    None


Dungeon Overview and Level Annotations

Branches:
Dungeon (2/15)

Altars:

Annotations:
D:2 Robin


Innate Abilities, Weirdness & Mutations

Your experience applies equally to all skills.
You have very sharp teeth.
Your uncanny sense of smell can sniff out nearby items.


Message History

Press: ? - help, Dir - move target cursor, f - Robin
Aim: Robin, wielding a spear of venom, wearing an animal skin and wearing a Attack!
Your white imp hits Robin.
Your white imp freezes Robin.
Robin hits you from afar with a spear of venom.
You are poisoned.
You swap places.
You feel sick.
Your white imp hits Robin but does no damage.
Robin hits your white imp with a spear of venom.
Your white imp dies!
You feel sick. Robin completely misses your iron imp.
Your iron imp hits Robin.
You feel sick.
Robin hits you from afar with a spear of venom!
* * * LOW HITPOINT WARNING * * *
You are more poisoned.
Your iron imp hits Robin.
There is a stone staircase leading up, spattered with blood here.
* * * LOW HITPOINT WARNING * * *
You feel sick.
Robin hits you from afar with a spear of venom!
You die...

g######g..# .
.g.<...# ##.
....##....# #..
....# ...# #.#
..... .g.# #.#
..... .. #.#
.....# #.## #.#
..##.# ..# #.# .s
...... #.# #@# .#
..... #.#####5#
.#
.....?###.....g.#
.#
#.>.....#######
###.# .......####
...# .....#.
##..# #### #. ∆
#.<.# #. #..S..#
#. #.........


You could see Robin and a friendly iron imp.

Vanquished Creatures
  A leopard gecko (D:1)
  2 goblins (D:1)
  5 hobgoblins (D:1)
  2 kobolds (D:1)
  5 bats (D:1)
  2 frilled lizards (D:1)
  3 rats (D:1)
20 creatures vanquished.

Vanquished Creatures (collateral kills)
  2 worms (D:2)
  A hobgoblin (D:2)
  A goblin (D:1)
4 creatures vanquished.

Grand Total: 24 creatures vanquished

Notes
Turn   | Place    | Note
-------+----------+-------------------------------------------
     0 | D:1      | Rediskos the Gnoll Wizard began the quest for the Orb.
     0 | D:1      | Reached XP level 1. HP: 13/13 MP: 8/8
    72 | D:1      | Reached XP level 2. HP: 19/19 MP: 0/10
    76 | D:1      | Learned a level 2 spell: Blink
    79 | D:1      | Learned a level 2 spell: Call Imp
   735 | D:2      | Noticed Robin
   957 | D:2      | Reached XP level 3. HP: 25/25 MP: 2/11
   990 | D:2      | Slain by Robin

Skill      XL: |  1 |
---------------+----+-----
Conjurations   | 2 |  2.1
Summonings     | 2 |  2.1
Translocations | 2 |  2.1
Fighting       | |  0.6
Short Blades   | |  0.6
Long Blades    | |  0.6
Axes           | |  0.6
Maces & Flails | |  0.6
Polearms       | |  0.6
Staves         | |  0.6
Slings         | |  0.6
Bows           | |  0.6
Crossbows      | |  0.6
Throwing       | |  0.6
Armour         | |  0.6
Dodging        | |  4.5
Stealth        | |  4.1
Shields        | |  0.6
Unarmed Combat | |  0.6
Spellcasting   | |  7.1
Hexes          | |  0.4
Charms         | |  0.4
Necromancy     | |  0.4
Transmutations | |  0.4
Fire Magic     | |  0.4
Ice Magic      | |  0.4
Air Magic      | |  0.4
Earth Magic    | |  0.4
Poison Magic   | |  0.4
Invocations    | |  0.8
Evocations     | |  0.6

Action                   || total
-------------------------++-------
 Cast: Magic Dart        ||    36
       Call Imp          ||     9
       Blink             ||     1
Armor: Robe              ||     2
Dodge: Dodged            ||    10
